 Dungeon Crawl Stone Soup version 0.30-a0-737-gf23d94013f (webtiles) character file.

Game seed: 9752464841550088228

2844 cheesebisquit the Skirmisher (level 9, -6/72 HPs)
             Began as a Gargoyle Hunter on Feb 1, 2023.
             Mangled by an orc warrior
             ... wielding a +0 war axe
              (11 damage)
             ... on level 8 of the Dungeon on Feb 2, 2023.
             The game lasted 00:16:40 (6326 turns).

cheesebisquit the Skirmisher (Gargoyle Hunter)      Turns: 6326, Time: 00:16:40

Health: -6/72      AC: 24    Str: 13 (15) XL:     9   Next: 74%
Magic:  9/9        EV:  2    Int:  8 (10) God:
Gold:   295        SH:  0    Dex: 14 (17) Spells: 8/8 levels left

rFire   + . .      SeeInvis .    (no weapon)
rCold   + . .      Faith    .    (no shield)
rNeg    + + .      Spirit   .    (body armour currently unavailable)
rPois   ∞          Reflect  .    (helmet currently unavailable)
rElec   +          Harm     .    (cloak currently unavailable)
rCorr   +          Rampage  .    (gloves currently unavailable)
Will    .....      NoTele   +    (boots currently unavailable)
Stlth   ++                       (no amulet)
HPRegen 0.32/turn                G - ring of positive energy
MPRegen 0.11/turn                (no ring)

@: tree-form, resistant, hasted, invisible, very quick
A: stationary, stasis, torment immunity, boosted hp, sickness immunity, AC +6,
negative energy resistance 1, (electricity resistance), torment resistance 1,
petrification resistance
a: no special abilities


You were on level 8 of the Dungeon.
You were a tree.
You visited 1 branch of the dungeon, and saw 8 of its levels.
You also visited: Sewer.

You collected 475 gold pieces.
You spent 180 gold pieces at shops.

Inventory:

Hand Weapons
 a - a +0 shortbow
Missiles
 j - 7 poisoned darts
 q - 6 curare-tipped darts
Armour
 c - a +0 leather armour (melded)
 t - a +0 plate armour
 w - a +1 pair of gloves (melded)
 D - a +0 pair of boots (melded)
Jewellery
 G - a ring of positive energy (left branch)
Wands
 p - a wand of polymorph (6)
 y - a wand of charming (5)
 z - a wand of iceblast (8)
 C - a wand of flame (18)
Scrolls
 b - 2 scrolls of immolation
 d - 9 scrolls of identify {unknown}
 e - 3 scrolls of brand weapon {unknown}
 f - 3 scrolls of amnesia {unknown}
 g - 3 scrolls of silence {unknown}
 h - 4 scrolls of poison {unknown}
 k - 4 scrolls of teleportation {unknown}
 l - a scroll of fog {unknown}
 m - 3 scrolls of enchant armour {unknown}
 o - a scroll of enchant weapon {unknown}
 B - a scroll of fear {unknown}
Potions
 n - a potion of lignification
 s - 2 potions of haste
 u - 3 potions of cancellation {unknown}
 v - a potion of mutation {unknown}
 x - a potion of resistance
 A - a potion of curing
 E - a potion of might {unknown}
 F - a potion of brilliance {unknown}


   Skills:
 - Level 2.1 Fighting
 + Level 13.6 Ranged Weapons
 - Level 1.5 Dodging
 - Level 1.1 Stealth


You had 8 spell levels left.
You didn't know any spells.
Your spell library contained the following spells:

 Spells                   Type           Power      Damage    Failure   Level
 Beastly Appendage        Tmut           0%         N/A       41%         1
 Foxfire                  Conj/Fire      0%         2x1d4     41%         1
 Magic Dart               Conj           0%         1d3       41%         1
 Sandblast                Erth           0%         2d4       41%         1
 Passwall                 Tmut/Erth      0%         N/A       54%         2
 Poisonous Vapours        Pois/Air       0%         N/A       54%         2
 Searing Ray              Conj           0%         2d4       54%         2
 Wereblood                Tmut           0%         N/A       54%         2
 Inner Flame              Hex/Fire       0%         N/A       78%         3
 Mephitic Cloud           Conj/Pois/Air  0%         N/A       78%         3
 Spider Form              Tmut/Pois      0%         N/A       78%         3
 Stone Arrow              Conj/Erth      0%         3d7       78%         3
 Flame Wave               Conj/Fire      0%         2d4       99%         4
 Fulminant Prism          Conj/Hex       0%         3d5       99%         4
 Sticky Flame             Conj/Fire      0%         2d3       99%         4
 Fireball                 Conj/Fire      0%         3d3       100%        5
 Starburst                Conj/Fire      0%         6d3       100%        6
 Cigotuvi's Dreadful Rot  Necr/Pois/Air  Unusable   N/A       N/A         2

Dungeon Overview and Level Annotations

Branches:
Dungeon (8/15)             Temple (0/1) D:5           Sewer (visited)
   Lair: D:8-11

Altars:

Shops:
D:5 [

Annotations:
D:4 Natasha


Innate Abilities, Weirdness & Mutations

You are a tree.
Your roots penetrate the ground, keeping you stationary.
You cannot be teleported.
You are immune to unholy pain and torment.
Your maximum health is greatly increased.
Your equipment is partially melded.
You are immune to sickness and miasma.
((Your stone body is resilient. (AC +6)))
You are immune to poison.
You resist negative energy. (rN+)
((You are resistant to electric shocks. (rElec)))
You are resistant to unholy torment.
You are immune to petrification.


Message History

The orc warrior hits you but does no damage.
You hit the orc warrior but do no damage.
The orc warrior is lightly wounded.
The orc warrior hits you but does no damage.
You hit the orc warrior but do no damage.
The orc warrior is lightly wounded.
You smack the orc warrior!
The orc warrior is heavily wounded.
The orc warrior hits you with a +0 war axe.
* * * LOW HITPOINT WARNING * * *
You hit the orc warrior but do no damage.
The orc warrior is heavily wounded.
You hit the orc warrior but do no damage.
The orc warrior is heavily wounded.
The orc warrior hits you but does no damage.
A sky beast appears from thin air!
Reactivating autopickup.
You hit the orc warrior.
The orc warrior is heavily wounded.
The orc warrior hits you with a +0 war axe!
* * * LOW HITPOINT WARNING * * *
You smack the orc warrior!
The orc warrior is severely wounded.
You hit the orc warrior but do no damage.
The orc warrior is severely wounded.
The orc warrior hits you with a +0 war axe!
* * * LOW HITPOINT WARNING * * *
It was a potion of resistance.
You feel protected.
The orc warrior hits you but does no damage.
It was a potion of curing.
You feel better.
The orc warrior hits you with a +0 war axe.
* * * LOW HITPOINT WARNING * * *
It was a potion of degeneration.
There was something very wrong with that liquid.
You feel weakened.
You feel dopey.
You feel clumsy.
It was a potion of invisibility.
You fade into invisibility!
The orc warrior hits you with a +0 war axe!
You die...

####### ## #.....## #.
### ######......# #.
#... ##..........#####.
#....##....#............
#...Yo♣.......##.......
.....##).......#........
..) #................. .
..........#..........
...........#..........
.......#....#..........
......................#
.....#.....#...........
.....###..###......##.#


You could see an orc warrior (unable to see you) and a sky beast (unable to see
you).

Vanquished Creatures
  4 yaks
  A steam dragon (D:8)
  A water moccasin (D:7)
  A sky beast (D:6)
  2 black bears
  2 ogres
  3 phantoms
  3 bullfrogs
  5 scorpions
  3 wights (D:7)
  The ghost of gelatine the Conjurer, a weakling DsRe (D:3)
  3 hounds
  2 orc priests (D:8)
  A jelly (D:5)
  6 iguanas
  An orc wizard (D:8)
  Natasha (twice) (D:4)
  4 river rats (Sewer)
  14 adders
  A shadow imp (D:5)
  2 white imps
  An ufetubus (D:6)
  A worm (D:2)
  A dart slug (D:2)
  3 orcs
  6 bats
  6 endoplasms
  5 giant cockroaches
  11 goblins
  9 hobgoblins
  4 jackals (D:1)
  29 kobolds
  4 quokkas
  11 ball pythons
  4 frilled lizards
  35 rats
192 creatures vanquished.

Notes
Turn   | Place    | Note
-------+----------+-------------------------------------------
     0 | D:1      | cheesebisquit the Gargoyle Hunter began the quest for the
                  | Orb.
     0 | D:1      | Reached XP level 1. HP: 12/12 MP: 1/1
   198 | D:1      | Reached XP level 2. HP: 16/17 MP: 2/2
   540 | D:2      | Reached XP level 3. HP: 21/21 MP: 3/3
   561 | D:2      | Reached skill level 5 in Ranged Weapons
   829 | D:2      | Reached XP level 4. HP: 26/26 MP: 4/4
  1565 | D:3      | Found a runed translucent door.
  1575 | D:3      | Noticed gelatine's ghost (weakling DsRe)
  1579 | D:3      | Reached skill level 6 in Ranged Weapons
  1589 | D:3      | Reached XP level 5. HP: 28/30 MP: 5/5
  1600 | D:3      | Killed gelatine's ghost
  2034 | D:4      | Noticed an ogre
  2043 | D:4      | Killed an ogre
  2044 | D:4      | Reached skill level 7 in Ranged Weapons
  2044 | D:4      | Reached XP level 6. HP: 8/35 MP: 6/6
  2173 | D:4      | Noticed Natasha
  2179 | D:4      | Killed Natasha
  2216 | D:4      | Noticed a black bear
  2227 | D:4      | Killed a black bear
  2398 | D:4      | Found a glowing drain.
  2408 | Sewer    | Entered a sewer
  2533 | Sewer    | Reached skill level 8 in Ranged Weapons
  2731 | Sewer    | Reached XP level 7. HP: 40/40 MP: 7/7
  3234 | D:4      | Noticed Natasha
  3241 | D:4      | Killed Natasha
  3260 | D:4      | Noticed Natasha
  3328 | D:5      | Entered Level 5 of the Dungeon
  3349 | D:5      | Found Doij Mot's Antique Armour Emporium.
  3356 | D:5      | Bought a pair of embroidered gloves for 180 gold pieces
  3590 | D:5      | Reached skill level 9 in Ranged Weapons
  3780 | D:5      | Reached XP level 8. HP: 43/44 MP: 8/8
  3832 | D:5      | Found a staircase to the Ecumenical Temple.
  4005 | D:5      | Reached skill level 10 in Ranged Weapons
  4348 | D:6      | You fall into a shaft and drop 1 floor!
  4687 | D:6      | Reached skill level 11 in Ranged Weapons
  5319 | D:7      | Reached XP level 9. HP: 42/48 MP: 9/9
  5352 | D:7      | Reached skill level 12 in Ranged Weapons
  5910 | D:7      | Reached skill level 13 in Ranged Weapons
  6322 | D:8      | HP: 1/72 [orc warrior/+0 war axe (8)]
  6326 | D:8      | Mangled by an orc warrior

Illustrated notes

Levels and vault maps discovered:
D:1:      psy_arrival_radial01, layout_rooms,
          hangedman_abyss_or_decor_lesser_grid
D:2:      layout_rooms
D:3:      layout_basic, ebering_ghost_sewer_d
D:4:      layout_basic, serial_glass, glass_columns_c, glass_columns_c,
          gup_sewer_entry_bowl, uniq_natasha
D:5:      layout_loops_cross, minmay_temple_entry_hall, serial_shops,
          nicolae_shop_waterfront, minmay_chambers_of_fives
D:6:      layout_loops_ring
D:7:      layout_cave_pools
D:8:      layout_cave_pools, lair_entry_dummy, minmay_misc_feat_tower

Skill      XL: |  1  2  3  4  5  6  7  8  9 |
---------------+----------------------------+-----
Ranged Weapons | 5 6 7 8 9 11 13 | 13.6
Fighting       | |  2.1
Dodging        | |  1.5
Stealth        | |  1.1

Action                     |  1- 3 |  4- 6 |  7- 9 || total
---------------------------+-------+-------+-------++-------
  Melee: Unarmed           |       |       |    28 ||    28
         Punch             |       |       |     1 ||     1
   Fire: Shortbow          |   132 |   211 |   414 ||   757
    Use: Potion            |       |     1 |    13 ||    14
 Armour: Leather armour    |    38 |    81 |    91 ||   210
         Skin              |       |       |    15 ||    15
  Dodge: Dodged            |    59 |   121 |   130 ||   310

Table legend: (Time is in decaauts)
 A = Elapsed time spent in this place.
 B = Non-inter-level travel time spent in this place.
 C = Inter-level travel time spent in this place.
 D = Time resting spent in this place.
 E = Time spent auto-exploring this place.
 F = Levels seen in this place.
 G = Mean time per level.
                   A        B        C        D        E       F      G
               +--------+--------+--------+--------+--------+-----+--------+
         Total |   6434 |   6065 |    369 |    154 |   4639 |   9 |  714.9 |
       Dungeon |   5710 |   5341 |    369 |    154 |   4160 |   8 |  713.8 |
         Sewer |    724 |    724 |      0 |      0 |    478 |   1 |  724.0 |
               +--------+--------+--------+--------+--------+-----+--------+

Top non-repeatable levels by time:
     D:5: 932 daAuts
     D:6: 917 daAuts
     D:3: 901 daAuts
     D:7: 890 daAuts
   Sewer: 724 daAuts
     D:4: 705 daAuts
     D:2: 581 daAuts
     D:1: 544 daAuts
     D:8: 236 daAuts
